 Dungeon Crawl Stone Soup version 0.29-a0-581-ge9a90b782e (webtiles) character file.

Game seed: 13532837269240807052

26446 Gargoyl the Cleaver (level 13, -2/74 HPs)
             Began as a Gargoyle Berserker on June 14, 2022.
             Was a Believer of Trog.
             Slain by a death yak simulacrum (19 damage)
             ... in an ice cave.
             The game lasted 00:22:27 (15695 turns).

Gargoyl the Cleaver (Gargoyle Berserker)           Turns: 15695, Time: 00:22:28

Health: -2/74      AC: 32    Str: 21    XL:     13   Next: 26%
Magic:  13/13      EV: 10    Int: 11    God:    Trog [**....]
Gold:   601        SH:  5    Dex: 13    Spells: 12/12 levels left

rFire   + + .      SeeInvis .   j - +3 war axe (flame)
rCold   + . .      Faith    .   (no shield)
rNeg    + . .      Spirit   .   L - +4 chain mail {rF+}
rPois   ∞          Reflect  +   t - +0 helmet
rElec   +          Harm     .   q - +0 cloak
rCorr   .          Rampage  .   H - +2 pair of gloves {rF+}
Will    +++..      Rage     1%  (no boots)
Stlth   ..........              g - amulet of reflection
HPRegen 1.22/turn               e - ring of willpower
MPRegen 0.13/turn               r - ring of protection from cold

@: strong-willed (expiring), regenerating (expiring)
A: sickness immunity, AC +9, negative energy resistance 1, electricity
resistance, torment resistance 1, petrification resistance, berserk 1, clever 1,
frail 1
a: Renounce Religion, Berserk, Trog's Hand


You were in an ice cave.
You worshipped Trog.
Trog was pleased with you.
You visited 2 branches of the dungeon, and saw 14 of its levels.
You also visited: Sewer, Ice Cave and Volcano.

You collected 1197 gold pieces.
You spent 596 gold pieces at shops.

Inventory:

Hand Weapons
 h - a +2 vorpal hand axe
 j - a +3 war axe of flaming (weapon)
Missiles
 c - 58 poisoned darts (quivered)
 l - 4 throwing nets
Armour
 q - a +0 cloak (worn)
 t - a +0 helmet (worn)
 H - a +2 pair of gloves of fire resistance (worn)
 L - a +4 chain mail of fire resistance (worn)
Jewellery
 a - a ring of protection from cold
 b - an amulet of regeneration
 e - a ring of willpower (left hand)
 g - an amulet of reflection (around neck)
 r - a ring of protection from cold (right hand)
 A - an amulet of the acrobat
 E - a ring of ice
Wands
 p - a wand of polymorph (14)
 B - a wand of charming (8)
 F - a wand of digging (2)
 G - a wand of acid (6)
 K - a wand of iceblast (3)
Scrolls
 i - 5 scrolls of fog
 y - a scroll of magic mapping
 C - 2 scrolls of blinking
 D - 3 scrolls of poison
Potions
 d - a potion of heal wounds
 f - 2 potions of berserk rage
 k - 6 potions of curing
 m - 3 potions of might
 n - a potion of haste
 o - 5 potions of lignification
 s - 3 potions of ambrosia
 v - 3 potions of degeneration {unknown}
 w - 3 potions of magic {unknown}
 x - a potion of flight {unknown}
 z - 2 potions of invisibility
 I - a potion of resistance {unknown}


   Skills:
 + Level 10.6 Fighting
 + Level 13.4 Axes
 + Level 1.9 Throwing
 + Level 11.1 Armour
 + Level 6.5 Dodging
 + Level 2.5 Stealth
 + Level 6.9 Shields


You had 12 spell levels left.
You didn't know any spells.
Your spell library was empty.

Dungeon Overview and Level Annotations

Branches:
Dungeon (12/15)            Temple (0/1) D:4            Lair (2/6) D:11
    Orc (0/2) D:11          Sewer (visited)           IceCv (1/1)
Volcano (visited)
  Swamp: Lair:2-4    Shoals: Lair:2-4     Snake: Lair:2-4    Spider: Lair:2-4

Altars:
Cheibriados
Dithmenos
Kikubaaqudgha
Okawaru
Sif Muna
Uskayaw

Shops:
D:6 *   D:8 :   D:10 *   D:11 (


Innate Abilities, Weirdness & Mutations

You are immune to sickness and miasma.
Your stone body is resilient. (AC +9)
You are immune to poison.
You resist negative energy. (rN+)
You are resistant to electric shocks. (rElec)
You are resistant to unholy torment.
You are immune to petrification.
You tend to lose your temper in combat.
Your mind is acute. (Int +2)
You are frail. (-10% HP)


Message History

The troll simulacrum barely misses you.
You block the troll simulacrum's attack.
The elephant simulacrum tramples you but does no damage.
The elephant simulacrum trunk-slaps you but does no damage.
Unknown command.
You slash the elephant simulacrum!
You melt the elephant simulacrum.
The elephant simulacrum is almost destroyed.
You completely miss the troll simulacrum.
Unknown command.
You slash the elephant simulacrum!
You melt the elephant simulacrum.
The elephant simulacrum vaporises!
Trog accepts your kill.
You hit the troll simulacrum.
You melt the troll simulacrum.
The troll simulacrum bites you! The troll simulacrum freezes you! You resist.
The troll simulacrum claws you but does no damage.
You block the troll simulacrum's attack.
You slash the troll simulacrum!
You melt the troll simulacrum.
The troll simulacrum is almost destroyed.
The troll simulacrum barely misses you. x3
Unknown command.
You completely miss the death yak simulacrum.
You slash the troll simulacrum!
You melt the troll simulacrum.
The troll simulacrum vaporises!
Trog accepts your kill. The death yak simulacrum gores you.
The death yak simulacrum freezes you! You resist.
* * * LOW HITPOINT WARNING * * *
You hit the death yak simulacrum.
You melt the death yak simulacrum.
The death yak simulacrum is lightly damaged.
You hit the death yak simulacrum.
You melt the death yak simulacrum.
The death yak simulacrum is moderately damaged.
You feel the effects of Trog's Hand fading.
The death yak simulacrum gores you but does no damage.
Unknown command.
You hit the death yak simulacrum but do no damage.
The death yak simulacrum is moderately damaged.
The death yak simulacrum gores you.
* * * LOW HITPOINT WARNING * * *
The death yak simulacrum freezes you!! You resist.
You die...

. .. #### ... #
######..## ....#.
##..##....##
.....Z###..........#
......°#°@.....∩.∩.#
#..°Z##.......#
##..#####....## ####
##..## ####


You could see a death yak simulacrum.

Vanquished Creatures
  Rupert (D:12)
  A hydra (D:12)
  A boulder beetle (D:12)
  3 two-headed ogres
  7 skeletal warriors
  Pikel (D:4)
  The ghost of fly the Insei, a novice DjTm of Makhleb (D:6)
  A cyclops (D:11)
  4 gargoyles
  3 cane toads (Lair:1)
  2 unseen horrors
  A kobold demonologist (D:7)
  An ice devil (IceCv)
  2 harpy skeletons (Volcano)
  3 trolls
  A polar bear (Lair:1)
  A hornet (D:7)
  3 slime creatures (D:12)
  8 blink frogs (Lair:1)
  3 flying skulls (Volcano)
  3 shadows
  14 yaks
  An alligator skeleton (Volcano)
  Sigmund (D:4)
  3 wyverns
  2 wraiths
  A basilisk (Lair:1)
  2 steam dragons
  4 vampire mosquitoes (D:12)
  A death yak simulacrum (Lair:2)
  5 water moccasins
  4 sky beasts
  An ice beast (D:5)
  A black bear (shapeshifter) (D:8)
  6 orc warriors
  Pargi (Sewer)
  A black bear (D:6)
  3 ogres
  3 wolves (Lair:1)
  3 centaurs
  2 phantoms (D:5)
  2 lemures (D:4)
  6 bullfrogs
  5 kobold brigands
  2 gnoll sergeants
  6 scorpions
  A cane toad simulacrum (Lair:2)
  2 necrophages
  An elephant simulacrum (IceCv)
  8 killer bees (D:9)
  A troll skeleton (Volcano)
  2 howler monkeys (D:6)
  An electric eel (D:6)
  A hound (D:5)
  2 jellies (D:6)
  2 orc priests
  2 gnoll shamans
  5 iguanas
  10 orc wizards
  A polar bear simulacrum (IceCv)
  A troll simulacrum (IceCv)
  2 spriggan simulacra (IceCv)
  A naga skeleton (Volcano)
  Robin (D:4)
  6 adders
  17 gnolls
  A naga simulacrum (IceCv)
  2 river rats (D:3)
  2 shadow imps
  2 white imps
  An ufetubus (IceCv)
  A worm (D:3)
  2 dart slugs
  42 orcs
  11 ball pythons
  3 endoplasms
  5 giant cockroaches
  12 goblins
  11 hobgoblins
  7 jackals
  3 quokkas
  5 bats
  2 frilled lizards (Sewer)
  29 kobolds
  2 rats (D:1)
341 creatures vanquished.

Vanquished Creatures (others)
  An iguana (D:6)
  An orc (D:6)
  10 fungi
  4 plants
16 creatures vanquished.

Grand Total: 357 creatures vanquished

Notes
Turn   | Place    | Note
-------+----------+-------------------------------------------
     0 | D:1      | Gargoyl the Gargoyle Berserker began the quest for the Orb.
     0 | D:1      | Reached XP level 1. HP: 14/14 MP: 1/1
    36 | D:1      | Reached XP level 2. HP: 19/19 MP: 2/2
    38 | D:1      | Reached skill level 3 in Axes
   743 | D:1      | Reached XP level 3. HP: 23/24 MP: 3/3
   990 | D:2      | Reached ** piety under Trog
  1147 | D:2      | Found a faded altar of an unknown god.
  1204 | D:2      | Found a hide-covered altar of Uskayaw.
  1262 | D:2      | Reached XP level 4. HP: 29/29 MP: 4/4
  1554 | D:3      | Found a glowing drain.
  1563 | Sewer    | Entered a sewer
  1807 | Sewer    | Noticed Pargi
  1816 | Sewer    | Killed Pargi
  1817 | Sewer    | Reached skill level 4 in Axes
  1817 | Sewer    | Reached XP level 5. HP: 33/33 MP: 5/5
  1973 | D:3      | Reached skill level 1 in Shields
  2214 | D:3      | Reached XP level 6. HP: 37/39 MP: 6/6
  2739 | D:4      | Noticed Sigmund
  2739 | D:4      | Noticed Pikel
  2755 | D:4      | Killed Sigmund
  2756 | D:4      | Reached skill level 1 in Stealth
  2809 | D:4      | Killed Pikel
  2810 | D:4      | Reached skill level 5 in Fighting
  2810 | D:4      | Reached skill level 5 in Axes
  2810 | D:4      | Reached XP level 7. HP: 44/44 MP: 7/7
  3190 | D:4      | Noticed Robin
  3200 | D:4      | Found a staircase to the Ecumenical Temple.
  3202 | D:4      | Killed Robin
  3207 | D:4      | Reached XP level 8. HP: 49/49 MP: 8/8
  3591 | D:5      | Entered Level 5 of the Dungeon
  3677 | D:5      | Reached skill level 6 in Axes
  3812 | D:5      | Reached skill level 5 in Armour
  4102 | D:5      | You fall into a shaft and drop 1 floor!
  4131 | D:6      | Reached skill level 7 in Axes
  4168 | D:5      | Found a snail-covered altar of Cheibriados.
  4317 | D:6      | Reached XP level 9. HP: 55/55 MP: 9/9
  4386 | D:6      | Reached skill level 8 in Axes
  4535 | D:6      | Found an iron altar of Okawaru.
  4816 | D:6      | Found a runed translucent door.
  4816 | D:6      | Noticed fly's ghost (novice DjTm)
  4820 | D:6      | Found Egezeasch's Lightly-Used Armoury.
  5268 | D:6      | Killed fly's ghost
  5386 | D:7      | Reached XP level 10. HP: 59/63 MP: 10/10
  5388 | D:7      | Reached skill level 9 in Axes
  5508 | D:7      | Reached *** piety under Trog
  5870 | D:7      | Noticed a two-headed ogre
  5898 | D:7      | Killed a two-headed ogre
  6621 | D:8      | Found a shadowy altar of Dithmenos.
  6621 | D:8      | Found a shimmering blue altar of Sif Muna.
  6815 | D:8      | Found Qeudghosa's Self-Improvement Boutique.
  6878 | D:8      | Noticed a kobold demonologist
  6879 | D:8      | Noticed a rust devil
  7036 | D:7      | Noticed a sun demon
  7039 | D:7      | Killed a kobold demonologist
  7040 | D:7      | Reached skill level 5 in Dodging
  7791 | D:9      | Reached skill level 10 in Axes
  7828 | D:9      | Reached XP level 11. HP: 68/68 MP: 11/11
  7881 | D:9      | Reached skill level 5 in Shields
  8888 | D:10     | Entered Level 10 of the Dungeon
  8889 | D:10     | Found an ancient bone altar of Kikubaaqudgha.
  8992 | D:10     | Noticed a two-headed ogre
  9286 | D:9      | Killed a two-headed ogre
  9636 | D:10     | Noticed a two-headed ogre
  9647 | D:10     | Killed a two-headed ogre
  9823 | D:10     | Identified the +6 mace of Piercing Destruction {spect,
                  | rPois SInv}
  9850 | D:10     | Found Jypoozus's Fire Supplies.
  9974 | D:10     | Bought a +2 pair of gloves of fire resistance for 322 gold
                  | pieces
  9985 | D:10     | Bought a +2 war axe of flaming for 274 gold pieces
 10163 | D:11     | Found a staircase to the Orcish Mines.
 10163 | D:11     | Found Lur Peis's Weapon Shop.
 10323 | D:11     | Found a staircase to the Lair.
 10331 | D:11     | Noticed a cyclops
 10341 | D:11     | Killed a cyclops
 10342 | D:11     | Reached skill level 11 in Axes
 11383 | D:12     | Reached XP level 12. HP: 25/76 MP: 12/12
 11629 | D:12     | Noticed a boulder beetle
 11670 | D:12     | Killed a boulder beetle
 11756 | D:12     | Noticed a five-headed hydra
 11769 | D:12     | Killed a one-headed hydra
 11770 | D:12     | Reached skill level 1 in Throwing
 11770 | D:12     | Reached skill level 10 in Armour
 11901 | D:12     | Noticed Rupert
 11928 | D:12     | Killed Rupert
 12215 | D:11     | Reached skill level 12 in Axes
 12959 | Lair:1   | Entered Level 1 of the Lair of Beasts
 13172 | Lair:1   | Found a dark tunnel.
 13185 | Volcano  | Entered a volcano
 13223 | Volcano  | Reached skill level 10 in Fighting
 14275 | Lair:1   | Gained mutation: You expend magic power (3 MP) to
                  | strengthen your wands. [potion of mutation]
 14275 | Lair:1   | Gained mutation: You are covered in fur. (AC +1) [potion of
                  | mutation]
 14275 | Lair:1   | Gained mutation: You are frail. (-10% HP) [potion of
                  | mutation]
 14275 | Lair:1   | Gained mutation: Your mind is acute. (Int +2) [potion of
                  | mutation]
 14276 | Lair:1   | Lost mutation: Your mind is acute. (Int +2) [potion of
                  | mutation]
 14276 | Lair:1   | Lost mutation: You are covered in fur. (AC +1) [potion of
                  | mutation]
 14276 | Lair:1   | Lost mutation: You expend magic power (3 MP) to strengthen
                  | your wands. [potion of mutation]
 14276 | Lair:1   | Gained mutation: You tend to lose your temper in combat.
                  | [potion of mutation]
 14276 | Lair:1   | Gained mutation: Your mind is acute. (Int +2) [potion of
                  | mutation]
 14312 | Lair:1   | Reached XP level 13. HP: 62/73 MP: 13/13
 14322 | Lair:1   | Reached skill level 13 in Axes
 15502 | Lair:2   | Found a frozen archway.
 15520 | IceCv    | Entered an ice cave
 15695 | IceCv    | Slain by a death yak simulacrum

Illustrated notes

Levels and vault maps discovered:
D:1:      scummos_arrival_hexagon, layout_rooms
D:2:      layout_rooms, basic_altar, shapermc_ecumenical_altar_gd
D:3:      layout_basic, portal_sewer_entry_b
D:4:      layout_basic, minmay_temple_entry_hall, uniq_robin, uniq_pikel,
          uniq_sigmund
D:5:      layout_cave_pools, marbit_many_paths
D:6:      wad_river_or_something, layout_cave_pools,
          mainiacjoe_overflow_boulevard, ebering_ghost_reflecting_pool,
          minmay_shop_damaged, minmay_misc_feat_iff, minmay_misc_feat_roman,
          dreamdust_wishing_well
D:7:      layout_cave_pools, palyth_stone_intersect, minmay_between
D:8:      layout_rooms, mainiacjoe_overflow_divided_tiny,
          small_chamber_with_monster, nicolae_shop_self_help
D:9:      layout_cave_pods, fountainhead
D:10:     layout_big_octagon, kiku_gazebo_pond_becter, nicolae_shop_fire_sale
          [nicolae_sub_dead_trees]
D:11:     layout_layer_cave, lair_entry_dummy, orc_david_3
D:12:     layout_rooms, grunt_decor_mini_mirrors, uniq_rupert
Lair:1:   layout_chaotic_city, nicolae_volcano_entry_hallway
Lair:2:   gammafunk_worm_tunnel, layout_regular_city,
          guppyfry_snake_entry_island, portal_ice_cave_entry_ice_simulacra
IceCv:    ice_cave_small_demon

Skill      XL: |  1  2  3  4  5  6  7  8  9 10 11 12 13 |
---------------+----------------------------------------+-----
Axes           | 3 4 5 7 8 10 11 12 13 | 13.4
Dodging        | 2 3 4 5 6 |  6.5
Fighting       | 4 5 6 7 8 9 10 | 10.6
Shields        | 1 2 3 4 6 |  6.9
Stealth        | 1 2 |  2.5
Armour         | 4 5 6 8 9 10 11 | 11.1
Throwing       | 1 |  1.9

Action                   |  1- 3 |  4- 6 |  7- 9 | 10-12 | 13-15 || total
-------------------------+-------+-------+-------+-------+-------++-------
Melee: Hand axe          |    89 |   123 |   294 |   374 |       ||   880
       Punch             |     1 |     4 |     1 |     7 |       ||    13
       War axe           |       |       |       |   330 |   105 ||   435
Throw: Dart              |       |       |       |    16 |       ||    16
Invok: Berserk           |     2 |     3 |     7 |    27 |     1 ||    40
       Trog's Hand       |       |     3 |     7 |    24 |     3 ||    37
  Use: Scroll            |     4 |     3 |     6 |    10 |     1 ||    24
       Potion            |       |     2 |       |     6 |       ||     8
 Stab: Sleeping          |       |     2 |       |       |       ||     2
Armor: Animal skin       |    34 |     3 |       |       |       ||    37
       Chain mail        |       |    47 |       |    20 |    68 ||   135
       Scale mail        |       |       |   202 |   483 |       ||   685
Dodge: Dodged            |    74 |    49 |   180 |   375 |    59 ||   737
Block: Other             |    11 |    26 |    77 |   182 |    33 ||   329
       Reflection        |       |       |     7 |     4 |       ||    11

Table legend: (Time is in decaauts)
 A = Elapsed time spent in this place.
 B = Non-inter-level travel time spent in this place.
 C = Inter-level travel time spent in this place.
 D = Time resting spent in this place.
 E = Time spent auto-exploring this place.
 F = Levels seen in this place.
 G = Mean time per level.
                   A        B        C        D        E       F      G
               +--------+--------+--------+--------+--------+-----+--------+
         Total |  15944 |  15565 |    379 |   2057 |  10192 |  17 |  937.9 |
       Dungeon |  12899 |  12562 |    337 |   1699 |   8168 |  12 | 1074.9 |
          Lair |   1490 |   1448 |     42 |    166 |   1026 |   2 |  745.0 |
         Sewer |    297 |    297 |      0 |      0 |    189 |   1 |  297.0 |
      Ice Cave |    169 |    169 |      0 |    132 |      6 |   1 |  169.0 |
       Volcano |   1086 |   1086 |      0 |     60 |    803 |   1 | 1086.0 |
               +--------+--------+--------+--------+--------+-----+--------+

Top non-repeatable levels by time:
     D:9: 1797 daAuts
    D:11: 1702 daAuts
     D:7: 1623 daAuts
  Lair:1: 1444 daAuts
    D:12: 1211 daAuts
 Volcano: 1086 daAuts
     D:6: 1058 daAuts
     D:4: 929 daAuts
     D:3: 909 daAuts
     D:1: 834 daAuts
     D:8: 734 daAuts
     D:2: 703 daAuts
    D:10: 702 daAuts
     D:5: 692 daAuts
   Sewer: 297 daAuts
